 Dungeon Crawl Stone Soup version 0.26.1-11-gd32895ea62 (webtiles) character file.

Game seed: 4863781361527838195

425 GenialerGandalf the Chopper (level 6, 0/55 HPs)
             Began as a Hill Orc Fighter on May 10, 2021.
             Was an Initiate of Beogh.
             Slain by a worker ant (3 damage)
             ... on level 5 of the Dungeon.
             The game lasted 00:14:17 (4350 turns).

GenialerGandalf the Chopper (Hill Orc Fighter)      Turns: 4350, Time: 00:14:18

Health: 0/55       AC:  8    Str: 21      XL:     6   Next: 96%
Magic:  6/6        EV:  7    Int:  8      God:    Beogh [......]
Gold:   274        SH:  9    Dex:  8 (10) Spells: 5/5 levels left

rFire    . . .     SeeInvis .   a - +1 war axe
rCold    . . .     Faith    .   c - +0 kite shield
rNeg     . . .     Spirit   .   b - +0 scale mail
rPois    .         Reflect  .   (no helmet)
rElec    .         Harm     .   (no cloak)
rCorr    .         Rampage  .   h - +0 pair of gloves
Will     .....                  (no boots)
Stlth    ..........             n - amulet of magic regeneration
HPRegen  0.18/turn              (no ring)
MPRegen  0.35/turn              (no ring)

@: mighty, lethally poisoned (0 -> -1)
A: no striking features
a: Renounce Religion


You were on level 5 of the Dungeon.
You worshipped Beogh.
Beogh was noncommittal.
You visited 1 branch of the dungeon, and saw 5 of its levels.

You collected 274 gold pieces.

Inventory:

Hand Weapons
 a - a +1 war axe (weapon)
Armour
 b - a +0 scale mail (worn)
 c - a +0 kite shield (worn)
 h - a +0 pair of gloves (worn)
 t - a +1 leather armour of willpower
Jewellery
 n - an amulet of magic regeneration (around neck)
 x - an uncursed ring of ice
Wands
 q - a wand of flame (14)
Scrolls
 g - a scroll of identify
 i - 2 scrolls of remove curse
 j - a scroll of blinking {unknown}
 l - 2 scrolls of amnesia
 m - a scroll of noise {unknown}
 r - a scroll of random uselessness {unknown}
 s - a scroll of teleportation {unknown}
 v - a scroll of enchant armour {unknown}
 w - a scroll of magic mapping {unknown}
Potions
 d - a potion of might
 e - 2 potions of lignification
 f - 2 potions of berserk rage
 k - 4 potions of curing
 o - 3 potions of haste
 p - 3 potions of brilliance
 u - a potion of mutation {unknown}


   Skills:
 + Level 4.8 Fighting
 + Level 6.4 Axes
 + Level 5.2 Armour
 + Level 0.8 Dodging
 + Level 4.0 Shields


You had 5 spell levels left.
You didn't know any spells.
Your spell library was empty.

Dungeon Overview and Level Annotations

Branches:
Dungeon (5/15)
 Temple: D:4-7

Altars:
Hepliaklqana
Trog
Vehumet
Wu Jian
The Shining One

Annotations:
D:5 Eustachio


Message History

The worker ant bites you but does no damage.
The giant cockroach bites you but does no damage.
The worker ant bites you.
* * * LOW HITPOINT WARNING * * *
You are poisoned.
The worker ant poisons you!
You slash the giant cockroach!
You kill the giant cockroach!
Beogh accepts your kill.
You completely miss the worker ant.
You feel sick. The worker ant barely misses you.
Your Shields skill increases to level 4!
You feel sick. You block the worker ant's attack.
Eustachio screams, "At last I'll have my revenge!"
Eustachio casts a spell.
Eustachio blinks!
You feel sick.
Found a stone staircase leading down.
You feel sick. You block the worker ant's attack. The worker ant bites you.
You die...

# # #. .# ###
#####.####.#....
........)..>....
#.#.@.......
#.#B###.....
#........#..
###.####.# #.#
#.####
#....#.#.#
##........#
#...#.###.#


You could see a worker ant.

Vanquished Creatures
  An ogre (D:4)
  A hound (D:3)
  A bullfrog skeleton (D:4)
  An orc priest (D:4)
  2 orc wizards (D:4)
  Natasha (thrice) (D:2)
  2 adders
  A gnoll (D:1)
  2 oozes
  3 worms (D:2)
  A dart slug (D:3)
  A leopard gecko (D:4)
  11 orcs
  2 ball pythons (D:1)
  2 giant cockroaches
  8 hobgoblins
  4 jackals (D:3)
  6 kobolds
  2 quokkas
  3 bats
  4 frilled lizards
  4 goblins
  11 rats
76 creatures vanquished.

Notes
Turn   | Place    | Note
-------+----------+-------------------------------------------
     0 | D:1      | GenialerGandalf the Hill Orc Fighter began the quest for
                  | the Orb.
     0 | D:1      | Reached XP level 1. HP: 19/19 MP: 1/1
   290 | D:1      | Reached skill level 3 in Axes
   290 | D:1      | Reached XP level 2. HP: 27/27 MP: 2/2
   721 | D:1      | Reached XP level 3. HP: 9/33 MP: 3/3
  1226 | D:2      | Noticed Natasha
  1237 | D:2      | Killed Natasha
  1238 | D:2      | Reached skill level 4 in Axes
  1238 | D:2      | Reached XP level 4. HP: 18/40 MP: 4/4
  1398 | D:2      | Noticed Natasha
  1410 | D:2      | Killed Natasha
  1873 | D:2      | Reached XP level 5. HP: 46/46 MP: 5/5
  1908 | D:2      | Noticed Natasha
  1914 | D:2      | Killed Natasha
  1915 | D:2      | Reached skill level 5 in Axes
  2196 | D:3      | Found an ornate altar of the Wu Jian Council.
  2204 | D:3      | Found a hazy altar of Hepliaklqana.
  2207 | D:3      | Found a bloodstained altar of Trog.
  2207 | D:3      | Found a radiant altar of Vehumet.
  2211 | D:3      | Found a glowing golden altar of the Shining One.
  2634 | D:3      | Found a bloodstained altar of Trog.
  2787 | D:3      | Became a worshipper of Beogh the Brigand
  3064 | D:4      | Noticed an ogre
  3258 | D:4      | Reached XP level 6. HP: 52/52 MP: 6/6
  3321 | D:4      | Reached skill level 6 in Axes
  3456 | D:4      | Reached skill level 5 in Armour
  4110 | D:5      | Entered Level 5 of the Dungeon
  4296 | D:5      | Noticed Eustachio
  4350 | D:5      | Slain by a worker ant

Illustrated notes

Levels and vault maps discovered:
D:1:      heliophobic_arrival_dark_side_of_the_moon, layout_basic,
          minmay_bisected
D:2:      layout_basic, minmay_hexomino_p4, uniq_natasha
D:3:      layout_loops_ring, tgw_xom, grunt_temple_overflow_open, trog_book
D:4:      layout_basic
D:5:      layout_basic, elyvilon_altar_1, uniq_eustachio

Skill      XL: |  1  2  3  4  5  6 |
---------------+-------------------+-----
Axes           | 3 4 5 6 |  6.4
Fighting       | 4 |  4.8
Armour         | 4 5 |  5.2
Shields        | 4 |  4.0
Dodging        | |  0.8

Action                   |  1- 3 |  4- 6 || total
-------------------------+-------+-------++-------
Melee: War axe           |    71 |   191 ||   262
Invok: Convert to Beogh  |       |     1 ||     1
  Use: Scroll            |     1 |    10 ||    11
       Potion            |       |     1 ||     1
Armor: Scale mail        |    35 |   107 ||   142
Dodge: Dodged            |    19 |    66 ||    85
Block: Kite shield       |    48 |   111 ||   159
